TOP OF THE 1ST |
Salt Lake Bees batting - Pitching for Pawtucket Red Sox : RHP Frank Picaso
|
Pitching: RHP Frank Picaso
|
|
Batting: LHB Jack Bell
|
0-0: Ball 1-0: Ball 2-0: Ball 3-0: Base on Balls
|
Batting: RHB Melvin Gomez
|
0-0: Swinging Strike 0-1: Called Strike 0-2: Ball 1-2: Ball 2-2: Fly out, F8 (Flyball, 8LD, EV 96.2 MPH)
|
Batting: RHB Luis Romero
|
0-0: Called Strike Jack Bell steals 2nd base 0-1: Called Strike 0-2: Ball 1-2: Hit by Pitch
|
Batting: RHB Jerry Escamilla
|
0-0: Called Strike Jack Bell steals 3rd base 0-1: Ball 1-1: Called Strike 1-2: Ball 2-2: Ball 3-2: Foul Ball, location: 2F 3-2: Foul Ball, location: 2F 3-2: Foul Ball, location: 2F 3-2: Fly out, F9 (Line Drive, 89M, EV 110.6 MPH)
|
Batting: RHB Jonathan Ellis
|
0-0: Called Strike 0-1: Foul Ball, location: 2F 0-2: Ball 1-2: SINGLE (Groundball, 23, EV 68.8 MPH) (infield hit) Jack Bell scores Luis Romero to second
|
Batting: RHB Jeff Long
|
0-0: Ball 1-0: Fly out, F8 (Line Drive, 8RS, EV 95.6 MPH)
|
Top of the 1st over - 1 run, 1 hit, 0 errors, 2 left on base; Salt Lake 1 - Pawtucket 0 |
BOTTOM OF THE 1ST |
Pawtucket Red Sox batting - Pitching for Salt Lake Bees : RHP Joe Butler
|
Pitching: RHP Joe Butler
|
|
Batting: RHB John Chiesa
|
0-0: Ball 1-0: SINGLE (Groundball, P, EV 78.8 MPH) (infield hit)
|
Batting: RHB Eric Garrett
|
0-0: Called Strike John Chiesa steals 2nd base 0-1: Hit by Pitch
|
Batting: LHB Brian Gray
|
0-0: Swinging Strike 0-1: Swinging Strike 0-2: Ball 1-2: Foul Ball, location: 2F 1-2: Ball 2-2: Fielders Choice at 2nd, 3-6 (Groundball, 34S, EV 85.0 MPH) John Chiesa to third
|
Batting: LHB John Bailey
|
0-0: Called Strike 0-1: Foul Ball, location: 2F 0-2: Ball 1-2: Ball 2-2: Fly out, F5 (Popup, 25F, EV 75.0 MPH)
|
Batting: RHB Ernie Genier
|
0-0: Ball 1-0: Ball 2-0: Foul Ball, location: 2F 2-1: Called Strike 2-2: Ball 3-2: Foul Ball, location: 2F 3-2: Ground out 6-3 (Groundball, 6, EV 85.6 MPH)
|
Bottom of the 1st over - 0 runs, 1 hit, 0 errors, 2 left on base; Salt Lake 1 - Pawtucket 0 |
TOP OF THE 2ND |
Salt Lake Bees batting - Pitching for Pawtucket Red Sox : RHP Frank Picaso
|
Batting: RHB Kian-tat Chen
|
0-0: Ball 1-0: Foul Ball, location: 2F 1-1: Swinging Strike 1-2: Ball 2-2: Strikes out looking
|
Batting: RHB Brandon Davis
|
0-0: Ground out 5-3 (Groundball, 5, EV 84.4 MPH)
|
Batting: RHB Eric Davis
|
0-0: Called Strike 0-1: Foul Ball, location: 2F 0-2: Ball 1-2: Strikes out swinging
|
Top of the 2nd over - 0 runs, 0 hits, 0 errors, 0 left on base; Salt Lake 1 - Pawtucket 0 |
BOTTOM OF THE 2ND |
Pawtucket Red Sox batting - Pitching for Salt Lake Bees : RHP Joe Butler
|
Batting: LHB Noel Young
|
0-0: Called Strike 0-1: Foul Ball, location: 2F 0-2: Foul Ball, location: 2F 0-2: Foul Ball, location: 2F 0-2: Foul Ball, location: 2F 0-2: Ball 1-2: Fly out, F9 (Flyball, 9, EV 90.6 MPH)
|
Batting: LHB Frank Olivo
|
0-0: Called Strike 0-1: SOLO HOME RUN (Flyball, 7LD, EV 90.6 MPH), Distance : 330 ft
|
Batting: RHB Neil Mautone
|
0-0: Ball 1-0: Foul Ball, location: 2F 1-1: Ball 2-1: Foul Ball, location: 2F 2-2: Ball 3-2: Base on Balls
|
Batting: RHB Joe Evrard
|
0-0: Foul Ball, location: 2F 0-1: Ball 1-1: SINGLE (Line Drive, 6MD, EV 98.8 MPH) Neil Mautone to second
|
Batting: RHB John Chiesa
|
0-0: Swinging Strike 0-1: Grounds into double play, 4-6-3 (Groundball, 4, EV 100.6 MPH)
|
Bottom of the 2nd over - 1 run, 2 hits, 0 errors, 1 left on base; Salt Lake 1 - Pawtucket 1 |
TOP OF THE 3RD |
Salt Lake Bees batting - Pitching for Pawtucket Red Sox : RHP Frank Picaso
|
Batting: LHB Jack Bell
|
0-0: Fly out, F8 (Flyball, 78D, EV 94.4 MPH)
|
Batting: RHB Melvin Gomez
|
0-0: Fly out, F8 (Flyball, 89M, EV 87.5 MPH)
|
Batting: RHB Luis Romero
|
0-0: Ball 1-0: Called Strike 1-1: DOUBLE (Groundball, 5L, EV 100.0 MPH)
|
Batting: RHB Jerry Escamilla
|
0-0: Fly out, F9 (Line Drive, 9D, EV 91.9 MPH)
|
Top of the 3rd over - 0 runs, 1 hit, 0 errors, 1 left on base; Salt Lake 1 - Pawtucket 1 |
BOTTOM OF THE 3RD |
Pawtucket Red Sox batting - Pitching for Salt Lake Bees : RHP Joe Butler
|
Batting: RHB Eric Garrett
|
0-0: Ball 1-0: Fly out, F7 (Flyball, 78M, EV 92.5 MPH)
|
Batting: LHB Brian Gray
|
0-0: Fly out, F8 (Line Drive, 8RM, EV 90.6 MPH)
|
Batting: LHB John Bailey
|
0-0: Ball 1-0: Foul Ball, location: 2F 1-1: Ball 2-1: Foul Ball, location: 2F 2-2: SINGLE (Groundball, 34D, EV 106.9 MPH)
|
Batting: RHB Ernie Genier
|
0-0: Swinging Strike 0-1: Foul Ball, location: 2F 0-2: Strikes out swinging
|
Bottom of the 3rd over - 0 runs, 1 hit, 0 errors, 1 left on base; Salt Lake 1 - Pawtucket 1 |
TOP OF THE 4TH |
Salt Lake Bees batting - Pitching for Pawtucket Red Sox : RHP Frank Picaso
|
Batting: RHB Jonathan Ellis
|
0-0: Swinging Strike 0-1: Foul Ball, location: 2F 0-2: DOUBLE (Flyball, 8RXD, EV 105.6 MPH)
|
Batting: RHB Jeff Long
|
0-0: Hit by Pitch
|
Batting: RHB Kian-tat Chen
|
0-0: Ball 1-0: Ball 2-0: Ball 3-0: Called Strike 3-1: 3-RUN HOME RUN (Flyball, 78XD, EV 103.8 MPH), Distance : 401 ft
|
Batting: RHB Brandon Davis
|
0-0: Called Strike 0-1: Ball 1-1: Ball 2-1: Foul Ball, location: 2F 2-2: Strikes out swinging
|
Batting: RHB Eric Davis
|
0-0: SINGLE (Groundball, 25, EV 70.6 MPH) (infield hit)
|
Batting: LHB Jack Bell
|
0-0: Fly out, F8 (Flyball, 8RD, EV 91.9 MPH)
|
Batting: RHB Melvin Gomez
|
0-0: Ball 1-0: Foul Ball, location: 2F 1-1: Swinging Strike 1-2: Ball 2-2: Ball 3-2: DOUBLE (Line Drive, 78D, EV 103.8 MPH) Eric Davis to third Eric Davis scores
|
Pitching: RHP Danny Klomp
|
|
Batting: RHB Luis Romero
|
0-0: Ball 1-0: Ball Wild Pitch! Melvin Gomez to third 2-0: Fly out, F7 (Flyball, 7D, EV 96.2 MPH)
|
Top of the 4th over - 4 runs, 4 hits, 0 errors, 1 left on base; Salt Lake 5 - Pawtucket 1 |
BOTTOM OF THE 4TH |
Pawtucket Red Sox batting - Pitching for Salt Lake Bees : RHP Joe Butler
|
Batting: LHB Noel Young
|
0-0: Ball 1-0: Called Strike 1-1: Fly out, F7 (Flyball, 7D, EV 88.1 MPH)
|
Batting: LHB Frank Olivo
|
0-0: Ball 1-0: Ground out 3-1 (Groundball, 34, EV 86.9 MPH)
|
Batting: RHB Neil Mautone
|
0-0: Foul Ball, location: 2F 0-1: Ground out 5-3 (Groundball, 56S, EV 83.1 MPH)
|
Bottom of the 4th over - 0 runs, 0 hits, 0 errors, 0 left on base; Salt Lake 5 - Pawtucket 1 |
TOP OF THE 5TH |
Salt Lake Bees batting - Pitching for Pawtucket Red Sox : RHP Danny Klomp
|
Batting: RHB Jerry Escamilla
|
0-0: Ball 1-0: Ball 2-0: Swinging Strike 2-1: Foul Ball, location: 2F 2-2: Strikes out swinging
|
Batting: RHB Jonathan Ellis
|
0-0: Called Strike 0-1: DOUBLE (Flyball, 78XD, EV 113.1 MPH)
|
Batting: RHB Jeff Long
|
0-0: SINGLE (Groundball, 6MS, EV 68.1 MPH) (infield hit) Jonathan Ellis to third
|
Batting: RHB Kian-tat Chen
|
0-0: Foul Ball, location: 2F 0-1: Ball 1-1: Fielders Choice at 2nd, 6-4 (Groundball, 56, EV 94.4 MPH) Jonathan Ellis scores
|
Batting: RHB Brandon Davis
|
0-0: Foul Ball, location: 2F 0-1: Ball 1-1: Called Strike 1-2: Fielders Choice at 2nd, 6-4 (Groundball, 6, EV 96.9 MPH)
|
Top of the 5th over - 1 run, 2 hits, 0 errors, 1 left on base; Salt Lake 6 - Pawtucket 1 |
BOTTOM OF THE 5TH |
Pawtucket Red Sox batting - Pitching for Salt Lake Bees : RHP Joe Butler
|
Batting: RHB Joe Evrard
|
0-0: Ball 1-0: Ball 2-0: Called Strike 2-1: Foul Ball, location: 2F 2-2: Foul Ball, location: 2F 2-2: Ball 3-2: Foul Ball, location: 2F 3-2: Strikes out swinging
|
Batting: RHB John Chiesa
|
0-0: Fly out, F8 (Flyball, 8LD, EV 106.2 MPH)
|
Batting: RHB Eric Garrett
|
0-0: Ball 1-0: Called Strike 1-1: Swinging Strike 1-2: Ground out 5-3 (Groundball, 56, EV 87.5 MPH)
|
Bottom of the 5th over - 0 runs, 0 hits, 0 errors, 0 left on base; Salt Lake 6 - Pawtucket 1 |
TOP OF THE 6TH |
Salt Lake Bees batting - Pitching for Pawtucket Red Sox : RHP Danny Klomp
|
Batting: RHB Eric Davis
|
0-0: Foul Ball, location: 2F 0-1: Ball 1-1: Foul Ball, location: 2F 1-2: Ball 2-2: SINGLE (Groundball, 4MD, EV 94.4 MPH)
|
Batting: LHB Jack Bell
|
0-0: Foul Ball, location: 2F 0-1: Ball 1-1: Ball 2-1: Swinging Strike 2-2: Strikes out swinging
|
Batting: RHB Melvin Gomez
|
0-0: Foul Ball, location: 2F 0-1: Fly out, F4 (Popup, 4M, EV 68.8 MPH)
|
Batting: RHB Luis Romero
|
0-0: Ball 1-0: Ball 2-0: Foul Ball, location: 2F 2-1: SINGLE (Groundball, 25, EV 70.0 MPH) (infield hit) Eric Davis to second
|
Batting: RHB Jerry Escamilla
|
0-0: Ball 1-0: Ball 2-0: Called Strike 2-1: Called Strike 2-2: Ball 3-2: Base on Balls Eric Davis to third Luis Romero to second
|
Batting: RHB Jonathan Ellis
|
0-0: Ball 1-0: Foul Ball, location: 2F 1-1: Ball 2-1: Ball 3-1: Base on Balls Eric Davis scores Luis Romero to third Jerry Escamilla to second
|
Batting: RHB Jeff Long
|
0-0: Foul Ball, location: 2F 0-1: Swinging Strike 0-2: Ball 1-2: Ball 2-2: Foul Ball, location: 2F 2-2: Ball 3-2: Ground out 6-3 (Groundball, 6, EV 88.1 MPH)
|
Top of the 6th over - 1 run, 2 hits, 0 errors, 3 left on base; Salt Lake 7 - Pawtucket 1 |
BOTTOM OF THE 6TH |
Pawtucket Red Sox batting - Pitching for Salt Lake Bees : RHP Joe Butler
|
Batting: LHB Brian Gray
|
0-0: Called Strike 0-1: Ball 1-1: Called Strike 1-2: Strikes out swinging
|
Batting: LHB John Bailey
|
0-0: Ball 1-0: Ball 2-0: Ball 3-0: Called Strike 3-1: Base on Balls
|
Batting: RHB Ernie Genier
|
0-0: Fly out, F7 (Flyball, 7LM, EV 81.9 MPH)
|
Batting: LHB Noel Young
|
0-0: Foul Ball, location: 2F 0-1: Ball 1-1: Ball 2-1: Ball 3-1: Foul Ball, location: 2F 3-2: Base on Balls John Bailey to second
|
Batting: LHB Frank Olivo
|
0-0: Fielders Choice at 2nd, 6-4 (Groundball, 6, EV 84.4 MPH)
|
Bottom of the 6th over - 0 runs, 0 hits, 0 errors, 2 left on base; Salt Lake 7 - Pawtucket 1 |
TOP OF THE 7TH |
Salt Lake Bees batting - Pitching for Pawtucket Red Sox : RHP Danny Klomp
|
Batting: RHB Kian-tat Chen
|
0-0: Called Strike 0-1: Ball 1-1: Called Strike 1-2: Ball 2-2: Ball 3-2: SINGLE (Groundball, 13S, EV 66.2 MPH) (infield hit)
|
Pitching: LHP Ken Intagliata
|
|
Batting: RHB Brandon Davis
|
0-0: Called Strike Kian-tat Chen is caught stealing 2nd base 2-4 0-1: Ball 1-1: Ball 2-1: Foul Ball, location: 2F 2-2: Strikes out looking
|
Batting: RHB Eric Davis
|
0-0: Ball 1-0: Ball 2-0: SINGLE (Groundball, 56D, EV 101.2 MPH)
|
Batting: LHB Jack Bell
|
0-0: Ball 1-0: Foul Ball, location: 2F 1-1: Ball 2-1: 2-RUN HOME RUN (Flyball, 78XD, EV 105.0 MPH), Distance : 405 ft
|
Batting: RHB Melvin Gomez
|
0-0: Foul Ball, location: 2F 0-1: Called Strike 0-2: Ball 1-2: Ground out 3-1 (Groundball, 34S, EV 90.6 MPH)
|
Top of the 7th over - 2 runs, 3 hits, 0 errors, 0 left on base; Salt Lake 9 - Pawtucket 1 |
BOTTOM OF THE 7TH |
Pawtucket Red Sox batting - Pitching for Salt Lake Bees : RHP Joe Butler
|
Batting: RHB Neil Mautone
|
0-0: DOUBLE (Line Drive, 7LM, EV 100.6 MPH)
|
Batting: RHB Joe Evrard
|
0-0: Ball 1-0: Swinging Strike 1-1: Ball 2-1: Ball 3-1: Called Strike 3-2: Fly out, F9 (Flyball, 9LM, EV 95.0 MPH)
|
Pitching: RHP Austin Maki
|
|
Batting: RHB John Chiesa
|
0-0: Ball 1-0: Called Strike 1-1: Foul Ball, location: 2F 1-2: Ground out 3-1 (Groundball, 34S, EV 78.1 MPH) Neil Mautone to third
|
Batting: RHB Eric Garrett
|
0-0: Swinging Strike 0-1: Foul Ball, location: 2F 0-2: Ball 1-2: Ball 2-2: Strikes out swinging
|
Bottom of the 7th over - 0 runs, 1 hit, 0 errors, 1 left on base; Salt Lake 9 - Pawtucket 1 |
TOP OF THE 8TH |
Salt Lake Bees batting - Pitching for Pawtucket Red Sox : LHP Ken Intagliata
|
Batting: RHB Luis Romero
|
0-0: Called Strike 0-1: Ball 1-1: Fly out, F7 (Line Drive, 78M, EV 86.9 MPH)
|
Batting: RHB Jerry Escamilla
|
0-0: SINGLE (Groundball, 6MD, EV 102.5 MPH)
|
Batting: RHB Jonathan Ellis
|
0-0: Called Strike 0-1: Ball 1-1: Ball 2-1: Swinging Strike 2-2: Strikes out swinging
|
Batting: RHB Jeff Long
|
0-0: Foul Ball, location: 2F 0-1: Swinging Strike 0-2: Foul Ball, location: 2F 0-2: Ball 1-2: Ground out 2-3 (Groundball, 13S, EV 73.1 MPH)
|
Top of the 8th over - 0 runs, 1 hit, 0 errors, 1 left on base; Salt Lake 9 - Pawtucket 1 |
BOTTOM OF THE 8TH |
Pawtucket Red Sox batting - Pitching for Salt Lake Bees : RHP Austin Maki
|
Batting: LHB Brian Gray
|
0-0: Ball 1-0: Swinging Strike 1-1: Ball 2-1: Ball 3-1: Swinging Strike 3-2: Base on Balls
|
Batting: LHB John Bailey
|
0-0: Called Strike 0-1: Ball 1-1: Fielders Choice at 2nd, 4-6 (Groundball, 4S, EV 80.0 MPH)
|
Pinch Hitting: RHB Mike Cavagnaro
|
0-0: Grounds into double play, 6-4-3 (Groundball, 6, EV 98.1 MPH)
|
Bottom of the 8th over - 0 runs, 0 hits, 0 errors, 0 left on base; Salt Lake 9 - Pawtucket 1 |
TOP OF THE 9TH |
Salt Lake Bees batting - Pitching for Pawtucket Red Sox : LHP Ken Intagliata
|
Now at 1B: Pat Bulger
|
|
Batting: RHB Kian-tat Chen
|
0-0: Ball 1-0: Foul Ball, location: 2F 1-1: DOUBLE (Groundball, 5L, EV 103.8 MPH)
|
Pinch Hitting: SHB Mario Padron
|
0-0: Ball 1-0: Called Strike 1-1: Called Strike 1-2: SINGLE (Flyball, 9LS, EV 93.1 MPH) Kian-tat Chen to third
|
Batting: RHB Eric Davis
|
0-0: Called Strike 0-1: Foul Ball, location: 2F 0-2: Ball 1-2: Strikes out swinging
|
Batting: LHB Jack Bell
|
0-0: Foul Ball, location: 2F 0-1: Ball 1-1: Ball 2-1: Ball 3-1: Foul Ball, location: 2F 3-2: Strikes out swinging
|
Batting: RHB Melvin Gomez
|
0-0: Called Strike 0-1: Swinging Strike 0-2: Ball 1-2: Ball 2-2: Strikes out swinging
|
Top of the 9th over - 0 runs, 2 hits, 0 errors, 2 left on base; Salt Lake 9 - Pawtucket 1 |
BOTTOM OF THE 9TH |
Pawtucket Red Sox batting - Pitching for Salt Lake Bees : RHP Austin Maki
|
Now in RF: Mario Padron
|
|
Batting: LHB Noel Young
|
0-0: Foul Ball, location: 2F 0-1: Ball 1-1: Swinging Strike 1-2: Ball 2-2: SINGLE (Groundball, 4D, EV 103.8 MPH)
|
Pitching: LHP Nick Yarbrough
|
|
Batting: LHB Frank Olivo
|
0-0: Called Strike 0-1: Foul Ball, location: 2F 0-2: Strikes out looking
|
Batting: RHB Neil Mautone
|
0-0: Fielders Choice at 2nd, 3-6 (Groundball, 23, EV 88.8 MPH)
|
Batting: RHB Joe Evrard
|
0-0: Ball 1-0: Foul Ball, location: 2F 1-1: Called Strike 1-2: Strikes out swinging
|
Bottom of the 9th over - 0 runs, 1 hit, 0 errors, 1 left on base; Salt Lake 9 - Pawtucket 1 |
|